 Dungeon Crawl Stone Soup version 0.31.0-12-g77e489cdc1 (webtiles) character file.

Game seed: 4572828976873395865

604 lordive the Skirmisher (level 7, 0/60 HPs)
             Began as a Minotaur Hunter on Mar 2, 2024.
             Slain by a killer bee (5 damage)
             ... on level 4 of the Dungeon.
             The game lasted 00:04:42 (2578 turns).

lordive the Skirmisher (Minotaur Hunter)            Turns: 2578, Time: 00:04:43

Health: 0/60       AC:  7    Str: 15    XL:     7   Next: 18%
Magic:  6/6        EV: 11    Int:  6    God:
Gold:   151        SH:  0    Dex: 16    Spells: 6/6 levels left

rFire   . . .        a - +0 shortbow
rCold   . . .        (shield currently unavailable)
rNeg    . . .        g - +0 ring mail
rPois   .            (helmet restricted)
rElec   .            (no cloak)
rCorr   .            q - +0 pair of gloves
SInv    +            l - +0 pair of boots
Will    .....        (no amulet)
Stlth   +            o - ring of see invisible
HPRegen 0.30/turn    (no ring)
MPRegen 0.10/turn

%: no passive effects
@: lethally poisoned (0 -> -8)
A: horns 2, retaliatory headbutt
a: no special abilities


You were on level 4 of the Dungeon.
You visited 1 branch of the dungeon, and saw 4 of its levels.

You collected 151 gold pieces.

Inventory:

Hand Weapons
 a - a +0 shortbow (weapon)
Armour
 g - a +0 ring mail (worn)
 l - a +0 pair of boots (worn)
 q - a +0 pair of gloves (worn)
Jewellery
 k - a +6 ring of intelligence
 o - a ring of see invisible (left hand)
Wands
 n - a wand of quicksilver (8)
Scrolls
 b - 3 scrolls of butterflies
 c - 4 scrolls of teleportation {unknown}
 d - a scroll of revelation {unknown}
 f - 2 scrolls of identify {unknown}
 i - 2 scrolls of amnesia {unknown}
 m - a scroll of blinking {unknown}
 p - a scroll of fog {unknown}
Potions
 e - 4 potions of heal wounds
 j - a potion of curing {unknown}


   Skills:
 + Level 4.9 Fighting
 + Level 8.4 Ranged Weapons
 + Level 1.8 Armour
 + Level 2.3 Dodging
 - Level 0.7 Stealth


You had 6 spell levels left.
You didn't know any spells.
Your spell library contained the following spells:

 Spells                   Type           Power      Damage    Failure   Level
 Apportation              Tloc           0%         N/A       67%         1
 Jinxbite                 Hex            0%         N/A       82%         2
 Alistair's Intoxication  Alch           0%         N/A       100%        5


Dungeon Overview and Level Annotations

Branches:
Dungeon (4/15)
 Temple: D:4-7

Altars:
Gozag
Qazlal
Trog
Wu Jian

Shops:
D:2 (


Innate Abilities, Weirdness & Mutations

You have a pair of horns on your head.
You reflexively headbutt those who attack you in melee.


Message History

The killer bee closely misses you. The killer bee misses you.
Unknown command.
Fire: a) +0 shortbow
Press: ? - help, Q - select action, (/) - cycle Shift-Dir - straight line, f/p - killer bee
Aim: a killer bee (severely wounded, 42% to hit)
You shoot an arrow.
The arrow closely misses the killer bee.
The arrow closely misses the killer bee.
You feel sick.
The killer bee stings you but does no damage.
The killer bee completely misses you. You furiously retaliate!
You headbutt the killer bee!
You kill the killer bee!
The killer bee stings you.
The killer bee stings you but does no damage.
Fire: a) +0 shortbow
Press: ? - help, Q - select action, (/) - cycle Shift-Dir - straight line, f - killer bee
Aim: a killer bee (lightly wounded, 42% to hit)
You shoot an arrow.
The arrow closely misses the killer bee.
You feel sick. The killer bee stings you.
* * * LOW HITPOINT WARNING * * *
The killer bee stings you.
* * * LOW HITPOINT WARNING * * *
The killer bee closely misses you. The killer bee stings you.
* * * LOW HITPOINT WARNING * * *
You are more poisoned.
The killer bee poisons you! The killer bee misses you.
The killer bee stings you.
* * * LOW HITPOINT WARNING * * *
Fire: a) +0 shortbow
Press: ? - help, Q - select action, (/) - cycle Shift-Dir - straight line, f/p - killer bee
Aim: a killer bee (lightly wounded, 42% to hit)
You shoot an arrow. The arrow barely misses the killer bee.
You feel sick.
The killer bee stings you but does no damage.
The killer bee stings you.
* * * LOW HITPOINT WARNING * * *
The killer bee misses you. The killer bee stings you.
You die...

##....##.# . .....
#..####.####........
#..#.#...##.........
##..........#..>....
##.....#..#.#.......
#......#..#.........
##.....#............
#........##...).....
##...##.†@y..†.....#
##...##.y####....##
##..###...# .....
##.....### .###
##..### .. #### .. .


You could see 2 killer bees.

Vanquished Creatures
  Menkaure (D:4)
  Duvessa (D:4)
  Dowan (D:4)
  3 killer bees (D:4)
  A sleepcap (D:4)
  2 iguanas (D:4)
  4 adders
  3 dart slugs
  3 ribbon worms
  5 orcs (D:3)
  4 bats
  5 endoplasms
  2 giant cockroaches
  5 goblins
  7 hobgoblins
  2 jackals (D:3)
  6 kobolds
  5 quokkas
  12 ball pythons
  2 frilled lizards
  5 rats
79 creatures vanquished.

Notes
Turn   | Place    | Note
-------+----------+-------------------------------------------
     0 | D:1      | lordive the Minotaur Hunter began the quest for the Orb.
     0 | D:1      | Reached XP level 1. HP: 18/18 MP: 0/0
   150 | D:1      | Reached XP level 2. HP: 25/25 MP: 1/1
   374 | D:1      | Reached skill level 5 in Ranged Weapons
   641 | D:2      | Reached XP level 3. HP: 22/30 MP: 2/2
   846 | D:2      | Found Bikke's Antique Weapon Boutique.
  1256 | D:2      | Found a faded altar of an unknown god.
  1297 | D:3      | Found an ornate altar of the Wu Jian Council.
  1358 | D:3      | Reached XP level 4. HP: 37/37 MP: 3/3
  1496 | D:3      | Found a bloodstained altar of Trog.
  1597 | D:3      | Reached skill level 6 in Ranged Weapons
  1794 | D:3      | Reached skill level 1 in Armour
  1998 | D:4      | Found a stormy altar of Qazlal.
  2031 | D:4      | Identified the +7 hand axe "Ogrebane" {heavy, ^Fragile
                  | Will+ Dex+3 SInv}
  2058 | D:4      | Reached XP level 5. HP: 39/45 MP: 4/4
  2123 | D:4      | Found an opulent altar of Gozag.
  2129 | D:4      | Noticed Menkaure
  2134 | D:4      | Killed Menkaure
  2135 | D:4      | Reached skill level 7 in Ranged Weapons
  2135 | D:4      | Reached XP level 6. HP: 28/52 MP: 5/5
  2269 | D:4      | Noticed Duvessa
  2287 | D:4      | Killed Duvessa
  2510 | D:4      | Noticed Dowan
  2542 | D:4      | Killed Dowan
  2543 | D:4      | Reached skill level 8 in Ranged Weapons
  2572 | D:4      | Reached XP level 7. HP: 15/60 MP: 6/6
  2578 | D:4      | Slain by a killer bee

Illustrated notes

Levels and vault maps discovered:
D:1:      dpeg_arrival_rhombus, layout_basic, minmay_tiny_reverse_x
D:2:      layout_rooms, shapermc_ecumenical_altar_hornbeckon, serial_shops,
          nicolae_shop_getting_attention
D:3:      layout_loops_cross, trog_butcher_becter, general_overflow_altar
D:4:      layout_cave_pools, nicolae_qazlal_general_emergency,
          mainiacjoe_overflow_small_starburst, uniq_duvessa, uniq_menkaure

Skill      XL: |  1  2  3  4  5  6 |
---------------+-------------------+-----
Ranged Weapons | 5 6 7 8 |  8.4
Fighting       | 3 4 |  4.9
Armour         | 1 |  1.8
Dodging        | |  2.3
Stealth        | |  0.7

Action                     |  1- 3 |  4- 6 |  7- 9 || total
---------------------------+-------+-------+-------++-------
   Fire: Shortbow          |   122 |   155 |     6 ||   283
  Evoke: Wand              |       |     1 |       ||     1
    Use: Potion            |       |     1 |     1 ||     2
 Armour: Leather armour    |     2 |       |       ||     2
         Ring mail         |    34 |    61 |    14 ||   109
  Dodge: Dodged            |    33 |    45 |    19 ||    97
